 Dungeon Crawl Stone Soup version 0.19.1-1-g22dce08 (webtiles) character file.

1341 Kiturien the Destroyer (level 8, 0/43 HPs)
             Began as a Tengu Summoner on Jan 20, 2017.
             Was an Initiate of Vehumet.
             Killed from afar by a guardian golem (35 damage)
             ... with an exploding inner flame
             ... summoned by the player character
             ... on level 7 of the Dungeon on Jan 21, 2017.
             The game lasted 01:02:54 (7109 turns).

Kiturien the Destroyer (Tengu Summoner)             Turns: 7109, Time: 01:03:08

Health: 0/43       AC:  5    Str: 10    XL:     8   Next: 62%
Magic:  11/21      EV: 13    Int: 17    God:    Vehumet [......]
Gold:   431        SH:  2    Dex: 14    Spells: 6 memorised, 6 levels left

rFire  . . .     SeeInvis .     i - +2 short sword (elec)
rCold  . . .     Gourm    .     a - +1 robe
rNeg   . . .     Faith    .     (no shield)
rPois  .         Spirit   .     (helmet restricted)
rElec  .         Reflect  +     (no cloak)
rCorr  .         Harm     .     A - +1 pair of gloves
MR     .....                    (boots unavailable)
Stlth  ++........               m - +2 amulet of reflection
                                (no ring)
                                (no ring)

@: no status effects
A: beak, talons 3, able to fly 1
a: Fly, Renounce Religion


You were on level 7 of the Dungeon.
You worshipped Vehumet.
Vehumet was noncommittal.
You were not hungry.

You visited 2 branches of the dungeon, and saw 8 of its levels.
You also visited: Sewer.

You collected 431 gold pieces.

Inventory:

Hand Weapons
 f - a +0 dagger
 i - a +2 short sword of electrocution (weapon)
 l - a cursed -1 short sword
Armour
 a - a +1 robe (worn)
 u - a +0 plate armour
 v - a +2 leather armour of cold resistance
 A - a +1 pair of gloves (worn)
 D - a +1 chain mail of cold resistance
Jewellery
 m - a +2 amulet of reflection (around neck)
 x - an uncursed amulet of guardian spirit
 E - an uncursed amulet of regeneration
 G - an uncursed amulet of faith
Wands
 C - a wand of iceblast (11/15)
 H - a wand of confusion (24/48)
 K - a wand of random effects (21/48)
 M - a wand of polymorph (12/24)
Scrolls
 d - 5 scrolls of remove curse
 g - a scroll of immolation {unknown}
 n - a scroll of teleportation {unknown}
 o - 2 scrolls of noise
 q - a scroll of fear {unknown}
 r - 3 scrolls of amnesia
 w - a scroll of blinking
 y - a scroll of random uselessness {unknown}
 F - a scroll of recharging {unknown}
 I - a scroll of enchant weapon
 L - a scroll of identify
Potions
 e - 4 potions of curing
 j - a potion of brilliance
 k - a potion of berserk rage
 p - 2 potions of heal wounds
 t - a potion of haste
 B - a potion of cancellation
 J - a potion of invisibility {unknown}
Books
 b - a book of Callings

   Spells                             Type                      Level
   a - Summon Small Mammal            Summoning                    1
   b - Call Imp                       Summoning                    2
   c - Call Canine Familiar           Summoning                    3
   d - Summon Guardian Golem          Hexes/Summoning              3
   e - Summon Lightning Spire         Summoning/Air                4
   f - Summon Ice Beast               Ice/Summoning                4
Comestibles
 c - 3 bread rations
 h - a beef jerky
 s - 2 fruits
 z - 3 meat rations


   Skills:
 + Level 1.1 Fighting
 + Level 1.3 Short Blades
 + Level 2.4 Dodging
 + Level 3.1 Stealth
 + Level 8.3 Spellcasting
   Level 9.5 Conjurations
 + Level 0.3 Hexes
 + Level 7.3 Summonings
 * Level 1.9 Ice Magic
 + Level 0.3 Air Magic


You had 6 spell levels left.
You knew the following spells:

 Your Spells              Type           Power        Failure   Level  Hunger
a - Summon Small Mammal   Summ           ####         1%          1    None
b - Call Canine Familiar  Summ           ####....     1%          3    #......
c - Summon Guardian Gole  Hex/Summ       ###.....     10%         3    #......
d - Summon Ice Beast      Ice/Summ       ###.....     17%         4    ###....
e - Call Imp              Summ           ####....     1%          2    None
f - Summon Lightning Spi  Summ/Air       ###.....     24%         4    ###....


Dungeon Overview and Level Annotations

Branches:
Dungeon (7/15)             Temple (1/1) D:6

Altars:
Ashenzari
Cheibriados
Dithmenos
Elyvilon
Fedhas
Gozag
Hepliaklqana
Kikubaaqudgha
Makhleb
Nemelex Xobeh
Qazlal
Ru
Sif Muna
Trog
Vehumet
Xom
Yredelemnul
Zin
The Shining One

Annotations:
D:7 fatfloppyjuicyveiny's ghost, novice KoHu


Innate Abilities, Weirdness & Mutations

You have a beak for a mouth.
You have claws for feet.
You can fly.


Message History

You swap places.
Your crimson imp blinks!
Fatfloppyjuicyveiny's ghost hits your guardian golem but does no damage.
Fatfloppyjuicyveiny's ghost hits your guardian golem!
Your guardian golem overheats!
Casting: Call Imp
Confirm with . or Enter, or press ? or * to list all spells.
A beastly little devil appears in a puff of flame.
Your crimson imp says, "I yield to your fealty, my illustrious and greatest ban!"
Your crimson imp blinks!
Fatfloppyjuicyveiny's ghost hits your guardian golem.
Your crimson imp blinks!
Fatfloppyjuicyveiny's ghost hits your guardian golem but does no damage.
Your crimson imp blinks!
Fatfloppyjuicyveiny's ghost hits your guardian golem!
Your guardian golem explodes!
The fiery explosion engulfs fatfloppyjuicyveiny's ghost.
The fiery explosion engulfs you!
Ouch! That really hurt!
You die...

######## #...5...
### #5######
##.## #.# #
##...#######§####
#
#.....##........#
# #...#
#.###.##.###
#.#####5####.#
#......5
#...W§@5.§.5.#
####.###
#######.######
#.# #+# #5# #.###
.# # #...# .##
##.###5# ..##
##...##.# ...
......... # ..
##...##.#


You could see fatfloppyjuicyveiny's ghost and 3 friendly crimson imps.

Vanquished Creatures
  2 phantoms
  A centaur (D:5)
  A scorpion (D:5)
  3 wights (D:6)
  A howler monkey (D:7)
  A crimson imp (D:5)
  2 hounds
  A centaur skeleton (D:4)
  3 bullfrog skeletons
  3 iguanas
  3 worker ants
  2 adders
  A shadow imp (D:5)
  An adder skeleton (D:5)
  2 dart slugs
  3 leopard geckos
  6 orcs
  A giant cockroach (D:3)
  3 goblins
  5 hobgoblins
  2 jackals
  2 kobolds
  A quokka (D:6)
  A ball python skeleton (D:4)
  8 bats
  2 frilled lizards
  A giant cockroach zombie (D:5)
  A leopard gecko skeleton (D:3)
  5 rats
68 creatures vanquished.

Vanquished Creatures (collateral kills)
  2 ice beasts
  A crocodile (Sewer)
  A bullfrog (D:7)
  2 scorpions (D:5)
  2 wights (D:6)
  2 howler monkeys
  A bullfrog zombie (D:5)
  A hound (D:4)
  A centaur skeleton (D:4)
  A centaur zombie (D:5)
  A jelly (D:5)
  An orc priest (D:3)
  An orc wizard (D:3)
  Ijyb (D:3)
  2 worker ants
  2 adders
  An ooze (D:4)
  A worm (D:2)
  A dart slug (D:3)
  3 leopard geckos
  13 orcs
  A giant cockroach (D:6)
  4 goblins
  2 hobgoblins
  5 jackals
  A quokka (D:6)
  A ball python (D:2)
  A ball python skeleton (D:5)
  5 bats
  4 frilled lizards
  A kobold (D:1)
  A rat (D:1)
67 creatures vanquished.

Grand Total: 135 creatures vanquished

Notes
Turn   | Place    | Note
-------+----------+-------------------------------------------
     0 | D:1      | Kiturien the Tengu Summoner began the quest for the Orb.
     0 | D:1      | Reached XP level 1. HP: 10/10 MP: 4/4
   144 | D:1      | Reached skill level 5 in Summonings
   219 | D:1      | Reached XP level 2. HP: 11/15 MP: 4/6
   608 | D:2      | Found a sparkling altar of Nemelex Xobeh.
   608 | D:2      | Found an opulent altar of Gozag.
   920 | D:2      | Reached XP level 3. HP: 13/19 MP: 2/7
  1003 | D:2      | Found a shattered altar of Ashenzari.
  1888 | D:3      | Reached skill level 9 in Conjurations
  1888 | D:3      | Reached XP level 4. HP: 24/24 MP: 9/14
  1893 | D:3      | Learned a level 3 spell: Call Canine Familiar
  2212 | D:3      | Learned a level 3 spell: Summon Guardian Golem
  2273 | D:3      | Gained mutation: You can fly. [Tengu growth]
  2273 | D:3      | Reached XP level 5. HP: 16/28 MP: 11/15
  2788 | D:3      | Noticed Ijyb
  2807 | D:3      | Killed Ijyb
  3317 | D:4      | Found a snail-covered altar of Cheibriados.
  3354 | D:4      | Learned a level 4 spell: Summon Ice Beast
  3357 | D:4      | Learned a level 2 spell: Call Imp
  3495 | D:4      | Reached XP level 6. HP: 32/33 MP: 6/17
  3609 | D:4      | Reached skill level 1 in Fighting
  4150 | D:4      | Learned a level 4 spell: Summon Lightning Spire
  4151 | D:5      | Entered Level 5 of the Dungeon
  4394 | D:5      | Found a glowing drain.
  4399 | Sewer    | Entered a sewer
  4611 | D:5      | Reached XP level 7. HP: 35/38 MP: 14/19
  5555 | D:5      | Reached skill level 1 in Short Blades
  5905 | D:6      | Found a staircase to the Ecumenical Temple.
  5971 | Temple   | Entered the Ecumenical Temple
  6134 | Temple   | Became a worshipper of Vehumet
  6247 | D:6      | Reached XP level 8. HP: 38/43 MP: 3/21
  6379 | D:6      | Reached skill level 1 in Ice Magic
  7089 | D:7      | Noticed fatfloppyjuicyveiny's ghost (novice KoHu)
  7109 | D:7      | Killed from afar by a guardian golem

Skill      XL: |  1  2  3  4  5  6  7  8 |
---------------+-------------------------+-----
Summonings     | 5 6 7 |  7.3
Spellcasting   | 7 8 |  8.3
Conjurations   | 9 |  9.5
Fighting       | 1 |  1.1
Short Blades   | 1 |  1.3
Ice Magic      | 1 |  1.9
Stealth        | 3 |  3.1
Dodging        | |  2.4
Hexes          | |  0.3
Air Magic      | |  0.3

Action                   |  1- 3 |  4- 6 |  7- 9 || total
-------------------------+-------+-------+-------++-------
Melee: Unarmed           |     8 |       |       ||     8
       Kick              |    12 |    10 |    16 ||    38
       Short sword       |    54 |    69 |    83 ||   206
       Peck              |     4 |     7 |    14 ||    25
 Cast: Summon Small Mamm |    44 |    35 |       ||    79
       Call Canine Famil |       |    19 |    12 ||    31
       Summon Guardian G |       |    13 |    11 ||    24
       Summon Ice Beast  |       |     2 |    11 ||    13
       Call Imp          |       |    20 |    41 ||    61
       Summon Lightning  |       |       |     3 ||     3
  Use: Scroll            |     5 |     5 |     6 ||    16
       Potion            |     1 |       |       ||     1
 Stab: Sleeping          |     3 |     2 |     2 ||     7
       Distracted        |       |     3 |     3 ||     6
  Eat: Bread ration      |     1 |     1 |     1 ||     3
       Meat ration       |       |     1 |     1 ||     2
       Beef jerky        |       |     1 |       ||     1
       Fruit             |       |       |     1 ||     1
Armor: Robe              |    14 |     5 |    19 ||    38
Dodge: Dodged            |    56 |    38 |    48 ||   142
Block: Other             |     3 |     1 |    13 ||    17
       Reflection        |       |       |     1 ||     1
